 Dungeon Crawl Stone Soup version 0.23.2-1-ga50397a6bc (webtiles) character file.

Game seed: 16928811861902899018

184 Mrkan the Ruffian (level 5, -2/53 HPs)
             Began as a Troll Monk on May 17, 2019.
             Was a Believer of Makhleb.
             Slain by Grinder (6 damage)
             ... while paralysed by Grinder
             ... on level 3 of the Dungeon.
             The game lasted 00:05:02 (2116 turns).

Mrkan the Ruffian (Troll Monk)                      Turns: 2116, Time: 00:05:02

Health: -2/53      AC:  6    Str: 19    XL:     5   Next: 36%
Magic:  5/5        EV:  1    Int:  7    God:    Makhleb [**....]
Gold:   121        SH:  0    Dex: 12    Spells: 4/4 levels left

rFire    . . .     SeeInvis .     - Unarmed
rCold    . . .     Gourm    +   (no shield)
rNeg     . . .     Faith    .   a - +0 robe
rPois    .         Spirit   .   (helmet restricted)
rElec    .         Reflect  .   (no cloak)
rCorr    .         Harm     .   (gloves unavailable)
MR       .....                  (boots unavailable)
Stlth    ++........             (no amulet)
HPRegen  0.57/turn              (no ring)
MPRegen  0.09/turn              (no ring)

@: paralysed
A: large, unfitting armour, claws 3, fast metabolism 3, gourmand, regeneration
1, shaggy fur 1, tough skin 3
a: Minor Destruction, Renounce Religion


You were on level 3 of the Dungeon.
You worshipped Makhleb.
Makhleb was pleased with you.
You were not hungry.

You visited 1 branch of the dungeon, and saw 3 of its levels.

You collected 121 gold pieces.

Inventory:

Armour
 a - a +0 robe (worn)
Jewellery
 f - an uncursed ring of ice {unknown}
Wands
 n - a wand of polymorph (10)
Scrolls
 d - 2 scrolls of remove curse {unknown}
 e - a scroll of random uselessness {unknown}
 g - 3 scrolls of identify {unknown}
 h - a scroll of magic mapping {unknown}
 i - a scroll of enchant armour {unknown}
 j - 2 scrolls of amnesia {unknown}
 l - a scroll of noise {unknown}
Potions
 c - a potion of curing
 k - a potion of flight {unknown}
 m - a potion of invisibility {unknown}
Comestibles
 b - 4 rations


   Skills:
 + Level 3.3 Fighting
 - Level 2.4 Dodging
 - Level 1.0 Stealth
 * Level 5.0 Unarmed Combat
 + Level 1.6 Invocations


You had 4 spell levels left.
You didn't know any spells.
Your spell library was empty.

Dungeon Overview and Level Annotations

Branches:
Dungeon (3/15)

Altars:
Elyvilon
Makhleb

Annotations:
D:3 Grinder


Innate Abilities, Weirdness & Mutations

You are too large for most types of armour.
You have claws for hands.
Your metabolism is lightning-fast.
You like to eat raw meat.
Your natural rate of healing is unusually fast.
You are covered in fur. (AC +1)
You have extremely tough skin. (AC +3)


Message History

You can move again.
Grinder blinks!
You completely miss Grinder.
Grinder is lightly wounded.
Grinder closely misses you.
You closely miss Grinder.
Grinder is lightly wounded.
Grinder gestures at you.
You suddenly lose the ability to move!
Grinder says, "Just stop there for a second..."
Grinder hits you!
* * * LOW HITPOINT WARNING * * *
Grinder hits you.
* * * LOW HITPOINT WARNING * * *
You writhe in agony.
* * * LOW HITPOINT WARNING * * *
Grinder hits you!
* * * LOW HITPOINT WARNING * * *
You writhe in agony.
You die...

#.# ##.# #..# ### ###
#.## ##.. .... #.#
#..#####... #.#
#....#... #.# #.##.#.# .
#.# ##.##...###....
#####.# #...)..@5......
......## #..###......<.#
.####..###..###.####.###
.................. ..
.................. .
.≈≈≈.≈.≈..≈.≈≈.≈≈.≈
≈≈≈≈≈≈≈≈≈≈≈≈≈≈≈≈≈≈≈≈
≈≈≈≈≈≈≈≈≈≈≈≈≈≈≈≈≈≈≈≈≈
≈≈≈≈#####≈≈≈≈≈≈≈≈≈


You could see Grinder.

Vanquished Creatures
  A hound (D:2)
  3 adders (D:2)
  4 gnolls (D:3)
  2 oozes
  3 worms
  3 dart slugs
  A leopard gecko (D:1)
  3 orcs (D:3)
  11 goblins
  7 hobgoblins
  5 jackals (D:1)
  3 bats
  5 frilled lizards
  A jackal skeleton (D:3)
  8 kobolds
  3 rats
63 creatures vanquished.

Notes
Turn   | Place    | Note
-------+----------+-------------------------------------------
     0 | D:1      | Mrkan the Troll Monk began the quest for the Orb.
     0 | D:1      | Reached XP level 1. HP: 22/22 MP: 0/0
   107 | D:1      | Reached XP level 2. HP: 27/29 MP: 1/1
   467 | D:1      | Reached XP level 3. HP: 36/36 MP: 2/2
   675 | D:2      | Found a burning altar of Makhleb.
   683 | D:2      | Became a worshipper of Makhleb the Destroyer
   683 | D:2      | Reached * piety under Makhleb
   683 | D:2      | Reached ** piety under Makhleb
   733 | D:2      | Reached skill level 4 in Unarmed Combat
  1128 | D:2      | Reached XP level 4. HP: 44/45 MP: 3/3
  1219 | D:2      | Reached skill level 1 in Invocations
  1221 | D:2      | Found a burning altar of Makhleb.
  1711 | D:3      | Found a white marble altar of Elyvilon.
  1777 | D:3      | Reached XP level 5. HP: 45/53 MP: 3/5
  1823 | D:3      | Reached skill level 5 in Unarmed Combat
  2083 | D:3      | Noticed Grinder
  2088 | D:3      | Paralysed by Grinder for 2 turns
  2106 | D:3      | Paralysed by Grinder for 4 turns
  2113 | D:3      | Paralysed by Grinder for 4 turns
  2116 | D:3      | Slain by Grinder

Skill      XL: |  1  2  3  4  5 |
---------------+----------------+-----
Unarmed Combat | 4 5 |  5.0
Fighting       | 3 |  3.3
Invocations    | 1 |  1.6
Dodging        | |  2.4
Stealth        | |  1.0

Action                   |  1- 3 |  4- 6 || total
-------------------------+-------+-------++-------
Melee: Unarmed           |    75 |    99 ||   174
       Punch             |     3 |       ||     3
  Use: Potion            |       |     1 ||     1
 Stab: Sleeping          |     1 |     2 ||     3
  Eat: Chunk             |     8 |     2 ||    10
       Ration            |       |     2 ||     2
Armor: Robe              |    29 |    48 ||    77
Dodge: Dodged            |    41 |    83 ||   124
